 Dungeon Crawl Stone Soup version 0.23-a0-54-gae6112e33f (webtiles) character file.

125 Nilun the Slasher (level 4, 0/34 HPs)
             Began as a Demonspawn Gladiator on Aug 8, 2018.
             Succumbed to an adder's poison
             ... on level 3 of the Dungeon.
             The game lasted 00:05:00 (2440 turns).

Nilun the Slasher (Demonspawn Gladiator)            Turns: 2440, Time: 00:05:01

Health: 0/34       AC:  3    Str: 15    XL:     4   Next: 82%
Magic:  4/4        EV: 13    Int: 10    God:
Gold:   51         SH:  0    Dex: 14    Spells: 3/3 levels left

rFire    + . .     SeeInvis .   a - +0 long sword
rCold    + . .     Gourm    .   (no shield)
rNeg     . . .     Faith    .   b - +0 leather armour
rPois    +         Spirit   .   (helmet restricted)
rElec    +         Reflect  .   (no cloak)
rCorr    +         Harm     .   (no gloves)
MR       .....                  (no boots)
Stlth    +.........             (no amulet)
HPRegen  0.11/turn              e - ring of wizardry
MPRegen  0.09/turn              (no ring)

@: lethally poisoned (0 -> -4), resistant
A: antennae 1, demonic guardian 1, spiny 1
a: no special abilities


You were on level 3 of the Dungeon.
You were not hungry.

You visited 1 branch of the dungeon, and saw 3 of its levels.

You collected 51 gold pieces.

Inventory:

Hand Weapons
 a - a +0 long sword (weapon)
Missiles
 d - 3 throwing nets (quivered)
Armour
 b - a +0 leather armour (worn)
 c - a +0 helmet
Jewellery
 e - a ring of wizardry (left hand)
 u - a +2 ring of dexterity {unknown}
Scrolls
 g - a scroll of fog {unknown}
 i - 4 scrolls of remove curse {unknown}
 j - 2 scrolls of immolation {unknown}
 l - a scroll of enchant weapon {unknown}
 m - 6 scrolls of identify {unknown}
 n - 2 scrolls of fear {unknown}
 s - 2 scrolls of teleportation {unknown}
 t - a scroll of magic mapping {unknown}
Potions
 h - 3 potions of curing {unknown}
 k - a potion of resistance
 o - 3 potions of invisibility {unknown}
 p - a potion of cancellation {unknown}
 q - a potion of mutation {unknown}
 r - a potion of flight {unknown}
 v - 2 potions of might {unknown}
Comestibles
 f - 4 rations


   Skills:
 + Level 2.4 Fighting
 + Level 4.2 Long Blades
 + Level 2.0 Throwing
 + Level 1.1 Armour
 + Level 3.0 Dodging
 + Level 0.4 Stealth


You had 3 spell levels left.
You didn't know any spells.
Your spell library was empty.

Dungeon Overview and Level Annotations

Branches:
Dungeon (3/15)

Altars:
Dithmenos

Annotations:
D:3 Sigmund


Innate Abilities, Weirdness & Mutations

You have a pair of small antennae on your head.
A weak demonic guardian rushes to your aid.
You are partially covered in sharp spines.


Message History

What are your orders? t - Shout!
Orders for allies: a - Attack new target. p - Attack previous target. r - Retreat! s - Stop attacking. g - Guard the area. f - Follow me.
Anything else - Cancel.
Okay, then.
You swap places.
You hear some strange, mumbled words.
A magic dart appears from out of thin air!
The magic dart hits you!
* * * LOW HITPOINT WARNING * * *
The orc misses your white imp.
Your white imp hits the orc.
Your white imp freezes the orc.
The orc dies!
Found 10 sling bullets.
Things that are here:
a club; an orc corpse You swap places.
You die...

#. #..# ##w##..#####
....... #..........#
....... #......<...#
....... ...........#
....... o..........#
....... .####..########
.......
##...####..{####oo.....
#..........w.w@5{o.....
...o......#...####J......
......#####.......(......
..#...# #....#.........
...#... .............?..
................#........
...%.....................
...............%.........


You could see a worm, an orc priest, an ooze, a dart slug, 2 orcs and a friendly
white imp.

Vanquished Creatures
  4 gnolls (D:2)
  An adder (D:3)
  2 worms (D:2)
  2 dart slugs (D:2)
  2 leopard geckos
  An orc (D:3)
  A giant cockroach (D:1)
  10 goblins
  8 hobgoblins
  3 jackals (D:1)
  2 quokkas (D:2)
  A ball python (D:2)
  3 bats
  4 frilled lizards
  5 kobolds
  7 rats
56 creatures vanquished.

Vanquished Creatures (collateral kills)
  An adder (D:3)
  An orc (D:3)
  A hobgoblin (D:3)
  A quokka (D:3)
  A rat (D:3)
5 creatures vanquished.

Grand Total: 61 creatures vanquished

Notes
Turn   | Place    | Note
-------+----------+-------------------------------------------
     0 | D:1      | Nilun the Demonspawn Gladiator began the quest for the Orb.
     0 | D:1      | Reached XP level 1. HP: 16/16 MP: 1/1
   313 | D:1      | Reached skill level 3 in Long Blades
   315 | D:1      | Gained mutation: You have a pair of small antennae on your head. [demonic ancestry]
   315 | D:1      | Reached XP level 2. HP: 20/22 MP: 2/2
  1033 | D:1      | Gained mutation: You are partially covered in sharp spines. [demonic ancestry]
  1033 | D:1      | Reached XP level 3. HP: 25/27 MP: 3/3
  1427 | D:2      | Found a shadowy altar of Dithmenos.
  1856 | D:2      | Gained mutation: A weak demonic guardian rushes to your aid. [demonic ancestry]
  1856 | D:2      | Reached XP level 4. HP: 33/33 MP: 4/4
  1929 | D:2      | Reached skill level 4 in Long Blades
  1936 | D:2      | Reached skill level 1 in Armour
  2430 | D:3      | Noticed Sigmund
  2439 | D:3      | HP: 1/34 [something/magic dart (5)]
  2440 | D:3      | Succumbed to an adder's poison

Vault maps used:
D:1:      minmay_arrival_up_and_down, hangedman_abyss_or_decor_lesser_grid
D:2:      nicolae_dithmenos_shadow_blocks
D:3:      nicolae_overflow_hidden_temple, uniq_sigmund

Skill      XL: |  1  2  3  4 |
---------------+-------------+-----
Long Blades    | 3 4 |  4.2
Throwing       | 2 |  2.0
Dodging        | 3 |  3.0
Armour         | 1 |  1.1
Fighting       | |  2.4
Stealth        | |  0.4

Action                   |  1- 3 |  4- 6 || total
-------------------------+-------+-------++-------
Melee: Long sword        |   119 |    27 ||   146
  Use: Potion            |       |     1 ||     1
 Stab: Sleeping          |     1 |       ||     1
  Eat: Chunk             |     3 |     2 ||     5
Armor: Leather armour    |    35 |     3 ||    38
Dodge: Dodged            |    93 |    17 ||   110
       Rpst.: Long sword |    23 |     5 ||    28

Table legend:
 A = Spawn XP
 B = Non-spawn XP
 C = Spawn XP percentage of total XP
 D = Spawn monster count
 E = Non-spawn monster count
 F = Spawn count percentage of total count
 G = Total turns spent on level
                    A         B        C        D         E        F      G
               +---------+---------+-------+---------+---------+-------+---------
         Total |       0 |     179 |   0.0 |       0 |      61 |   0.0 |  2440
               +---------+---------+-------+---------+---------+-------+---------
           D:1 |       0 |      41 |   0.0 |       0 |      25 |   0.0 |  1460
           D:2 |       0 |     108 |   0.0 |       0 |      27 |   0.0 |   944
           D:3 |       0 |      30 |   0.0 |       0 |       9 |   0.0 |    36
               +---------+---------+-------+---------+---------+-------+---------
